 Dungeon Crawl Stone Soup version 0.29.1-12-g30fa7ad0bf (webtiles) character file.

Game seed: 12231530942928836329

224 FaviusArthum the Grave Robber (level 5, 0/28 HPs)
             Began as a Deep Elf Necromancer on Jan 4, 2023.
             Slain by a bullfrog (4 damage)
             ... on level 4 of the Dungeon.
             The game lasted 00:16:10 (3352 turns).

FaviusArthum the Grave Robber (DENe)                Turns: 3352, Time: 00:16:11

Health: 0/28       AC:  2    Str:  5    XL:     5   Next: 67%
Magic:  15/23      EV: 12    Int: 22    God:
Gold:   120        SH:  0    Dex: 15    Spells: 10/14 levels left

rFire   . . .      SeeInvis .   r - +0 hand axe (drain)
rCold   . . .      Faith    .   (no shield)
rNeg    . . .      Spirit   .   a - +0 robe
rPois   .          Reflect  .   (no helmet)
rElec   .          Harm     .   (no cloak)
rCorr   .          Rampage  .   (no gloves)
Will    .....                   (no boots)
Stlth   +.........              (no amulet)
HPRegen 0.09/turn               h - ring of magical power
MPRegen 0.18/turn               (no ring)

@: very slow
A: no striking features
a: no special abilities


You were on level 4 of the Dungeon.
You visited 1 branch of the dungeon, and saw 4 of its levels.
You also visited: Sewer.

You collected 194 gold pieces.
You spent 74 gold pieces at shops.

Inventory:

Hand Weapons
 e - a +0 dagger
 f - a +0 short sword
 j - a +1 dagger of venom
 q - a +0 war axe
 r - a +0 hand axe of draining (weapon)
Armour
 a - a +0 robe (worn)
Magical Staves
 t - a staff of cold
Jewellery
 h - a ring of magical power (left hand)
Scrolls
 d - 3 scrolls of identify {unknown}
 g - a scroll of amnesia {unknown}
 i - 2 scrolls of immolation {unknown}
 k - a scroll of fog {unknown}
 m - a scroll of noise {unknown}
 o - a scroll of teleportation {unknown}
 p - a scroll of fear {unknown}
 u - a scroll of magic mapping {unknown}
Potions
 b - 2 potions of magic
 c - a potion of brilliance {unknown}
 l - a potion of curing {unknown}
 n - a potion of heal wounds {unknown}
 s - a potion of berserk rage {unknown}


   Skills:
 + Level 0.1 Fighting
 + Level 0.1 Short Blades
 + Level 2.6 Dodging
 + Level 2.8 Stealth
 + Level 5.3 Spellcasting
 + Level 7.0 Necromancy


You had 10 spell levels left.
You knew the following spells:

 Your Spells              Type           Power      Damage    Failure   Level
a - Necrotise             Necr           100%       1d9       1%          1
b - Vampiric Draining     Necr           37%        2d8       1%          3

Your spell library contained the following spells:

 Spells                   Type           Power      Damage    Failure   Level
 Animate Dead             Necr           37%        N/A       5%          4
 Agony                    Necr           37%        N/A       14%         5


Dungeon Overview and Level Annotations

Branches:
Dungeon (4/15)              Sewer (visited)
 Temple: D:4-7

Altars:
Elyvilon

Shops:
D:3 (((

Annotations:
D:3 Merkmiralles's ghost, amateur DsNe


Message History

The ball python misses you. The ball python grabs you.
The ball python constricts you.
Your ball python skeleton barely misses the bullfrog.
Your ball python skeleton constricts the bullfrog.
The bullfrog hits your ball python skeleton.
You escape the ball python's grasp.
The quokka bites your ball python skeleton.
The bullfrog hits your ball python skeleton.
Your ball python skeleton is destroyed!
The ball python bites you but does no damage.
The ball python completely misses you.
Casting: Necrotise (safe; 1% risk of failure)
Confirm with . or Enter, or press ? or * to list all spells.
Aiming: Necrotise (safe; 1% risk of failure)
Press: ? - help, Shift-Dir - straight line, f - ball python, p - bullfrog
Aim: a ball python (chance to affect: 93%)
The ball python writhes in agony.
The bullfrog closely misses you. The ball python barely misses you. x2
The bullfrog hits you. The bullfrog hits you.
There is a gate leading back out of this place here.
The ball python bites you. The ball python closely misses you.
The bullfrog closely misses you.
Welcome back to the Dungeon!
There is a collapsed entrance here.
The bullfrog attacks as you move away! The bullfrog misses you.
You enter the shallow water.
Moving in this stuff is going to be slow.
The ball python closely misses you. The ball python grabs you.
The ball python constricts you.
The bullfrog hits you but does no damage.
You escape the ball python's grasp.
The bullfrog attacks as you move away! The bullfrog hits you.
* * * LOW HITPOINT WARNING * * *
The bullfrog barely misses you. The ball python barely misses you.
The ball python closely misses you. The bullfrog attacks as you move away!
The bullfrog hits you.
* * * LOW HITPOINT WARNING * * *
The bullfrog hits you.
You die...

######....######......
.......#..# #.<##.#
######...## #..##..
##.## #..####
########.# #..#
#........# ######..####
#.###...#..............
#~~~#.#######..####
#~@~#.. ...... #~F~#.##
####..## #~S~#.# #..#
#~.~#.# #..# #~~~#..
#... #~~~# ##.# #~~~#
#~~~# #...#


You could see a bullfrog and a ball python.

Vanquished Creatures
  A bullfrog (Sewer)
  An iguana (D:4)
  5 adders
  A dart slug (D:2)
  An orc (D:3)
  6 bats
  6 endoplasms
  12 giant cockroaches
  A hobgoblin (D:2)
  8 quokkas
  10 ball pythons
  7 frilled lizards
  4 goblins
  6 kobolds
  3 rats
72 creatures vanquished.

Vanquished Creatures (collateral kills)
  An adder (D:3)
  3 endoplasms (Sewer)
  2 giant cockroaches (Sewer)
  2 frilled lizards (Sewer)
8 creatures vanquished.

Grand Total: 80 creatures vanquished

Notes
Turn   | Place    | Note
-------+----------+-------------------------------------------
     0 | D:1      | FaviusArthum the Deep Elf Necromancer began the quest for
                  | the Orb.
     0 | D:1      | Reached XP level 1. HP: 10/10 MP: 6/6
    37 | D:1      | Reached skill level 5 in Necromancy
   310 | D:1      | Reached XP level 2. HP: 15/15 MP: 2/8
  1204 | D:2      | Reached XP level 3. HP: 19/19 MP: 10/10
  1244 | D:2      | Learned a level 3 spell: Vampiric Draining
  2254 | D:3      | Found Moowyhaen's Weapon Emporium.
  2316 | D:3      | Found Muom's Antique Weapon Boutique.
  2346 | D:3      | Found a white marble altar of Elyvilon.
  2442 | D:3      | Reached XP level 4. HP: 24/24 MP: 12/12
  2473 | D:3      | Reached skill level 6 in Necromancy
  2525 | D:3      | Found Uwoteut's Weapon Emporium.
  2543 | D:3      | Bought a +0 hand axe of draining for 74 gold pieces
  2807 | D:3      | Found a large runed translucent door.
  2807 | D:3      | Found a large runed translucent door.
  2814 | D:3      | Noticed Merkmiralles's ghost (amateur DsNe)
  2956 | D:4      | Found a glowing drain.
  2976 | Sewer    | Entered a sewer
  3249 | Sewer    | Reached XP level 5. HP: 28/28 MP: 14/14
  3340 | Sewer    | Reached skill level 5 in Spellcasting
  3340 | Sewer    | Reached skill level 7 in Necromancy
  3352 | D:4      | Slain by a bullfrog

Illustrated notes

Levels and vault maps discovered:
D:1:      erik_arrival_cave_to_civilisation [erik_arrival_cave_to_hall],
          layout_basic, amethyst_killhole
D:2:      layout_basic, minmay_pentomino_q4
D:3:      layout_basic, mainiacjoe_overflow_concentric_impassable,
          elyvilon_altar_1, dilly_ecumenical_altar_fadedgnrine,
          ebering_ghost_disaster_area, serial_shops,
          nicolae_shop_window_shopping, shop, shop, grunt_ministairs_12,
          corexii_item_surrounded_by_moat
D:4:      layout_loops_ring, temple_pool_b, portal_sewer_entry_f,
          minmay_diced_spiral, uniq_robin

Skill      XL: |  1  2  3  4  5 |
---------------+----------------+-----
Necromancy     | 5 6 7 |  7.0
Spellcasting   | 4 5 |  5.3
Fighting       | |  0.1
Short Blades   | |  0.1
Dodging        | |  2.6
Stealth        | |  2.8

Action                   |  1- 3 |  4- 6 || total
-------------------------+-------+-------++-------
Melee: Dagger            |    12 |       ||    12
       Hand axe          |       |    14 ||    14
 Cast: Necrotise         |    67 |    53 ||   120
       Vampiric Draining |       |     3 ||     3
 Stab: Distracted        |       |     1 ||     1
Armor: Robe              |     7 |     3 ||    10
Dodge: Dodged            |    23 |    41 ||    64
